 Dungeon Crawl Stone Soup version 0.18.1-1-g2f07953 (webtiles) character file.

57220 Chiseanne the Eclecticist (level 14, -13/85 HPs)
             Began as a Demonspawn Wizard on May 6, 2016.
             Was the Champion of Vehumet.
             Mangled by MagicLamp's ghost (32 damage)
             ... on level 14 of the Dungeon.
             The game lasted 02:01:42 (26736 turns).

Chiseanne the Eclecticist (Demonspawn Wizard)      Turns: 26736, Time: 02:01:43

Health: -13/85     AC: 18    Str: 13    XL:     14   Next: 44%
Magic:  0/34       EV: 12    Int: 23    God:    Vehumet [******]
Gold:   328        SH: 10    Dex: 13    Spells: 10 memorised, 13 levels left

rFire  + . .     SeeInvis .     a - +7 trident "Ratzo" {pierce, rElec}
rCold  + + .     Gourm    .     o - +0 leather armour {rPois}
rNeg   . . .     Faith    .     e - +2 buckler
rPois  +         Spirit   +     F - +1 hat
rElec  +         Dismiss  .     Y - +0 cloak {rC+}
rCorr  .         Reflect  +     (gloves unavailable)
SustAt .         Harm     .     S - +1 pair of boots {Stlth+}
MR     +....                    v - +3 amulet of reflection
Stlth  +++.......               g - ring of wizardry
                                B - ring of protection from cold

@: mighty, icy armour, hasted, repel missiles, very quick, somewhat resistant to
hostile enchantments, fairly stealthy
A: claws 3, fire resistance 1, augmentation 1, magic shield, magic regeneration
a: Renounce Religion


You were on level 14 of the Dungeon.
You worshipped Vehumet.
Vehumet was exalted by your worship.
You were hungry.

You visited 2 branches of the dungeon, and saw 16 of its levels.
You also visited: Ice Cave.

You collected 1929 gold pieces.
You spent 1561 gold pieces at shops.

Inventory:

Hand Weapons
 a - the +7 trident "Ratzo" (weapon) {pierce, rElec}
   (You took it off Harold on level 11 of the Dungeon)

   It inflicts extra damage upon your enemies.
   It insulates you from electricity.
 s - the +7 great mace "Firestarter" {inner flame, rF++}
   (You found it on level 8 of the Dungeon)

   It has been specially enchanted to burn those struck by it, causing extra
   injury to most foes and up to half again as much damage against particularly
   susceptible opponents.
   It greatly protects you from fire.
Armour
 e - a +2 buckler (worn)
 o - a +0 leather armour of poison resistance (worn)
 x - a +2 robe of the Archmagi
 F - a +1 hat (worn)
 R - the +1 robe of Cheibriados's Reproof {rC+ Str+5}
   (You bought it in a shop on level 2 of the Orcish Mines)

   It affects your strength (+5).
   It protects you from cold.
 S - a +1 pair of boots of stealth (worn)
 Y - a +0 cloak of cold resistance (worn)
Jewellery
 g - a ring of wizardry (right claw)
 v - a +3 amulet of reflection (around neck)
 B - a ring of protection from cold (left claw)
Wands
 r - a wand of disintegration (0/24)
Scrolls
 b - a scroll of amnesia
 p - 7 scrolls of remove curse
 A - 2 scrolls of fog
 C - 4 scrolls of immolation
 N - a scroll of fear
 O - 3 scrolls of teleportation
 Z - 2 scrolls of identify
Potions
 h - 3 potions of curing
 i - 2 potions of lignification
 j - a potion of flight
 l - 4 potions of ambrosia
 m - 3 potions of haste
 z - 2 potions of might
 E - a potion of brilliance
Books
 c - a book of Minor Magic

   Spells                             Type                      Level
   a - Magic Dart                     Conjuration                  1
   b - Blink                          Translocation                2
   c - Call Imp                       Summoning                    2
   d - Repel Missiles                 Charms/Air                   2
   e - Slow                           Hexes                        2
   f - Conjure Flame                  Conjuration/Fire             3
   g - Mephitic Cloud                 Conjuration/Poison/Air       3
 D - Siacku's Disquisition on Cold
   (You found it in an ice cave)

   Spells                             Type                      Level
   a - Throw Frost                    Conjuration/Ice              2
   b - Ensorcelled Hibernation        Hexes/Ice                    2
   c - Ozocubu's Armour               Charms/Ice                   3
   d - Throw Icicle                   Conjuration/Ice              4
   e - Simulacrum                     Ice/Necromancy               6
   f - Ozocubu's Refrigeration        Ice                          6
 I - a book of Ice

   Spells                             Type                      Level
   a - Ice Form                       Ice/Transmutation            4
   b - Metabolic Englaciation         Hexes/Ice                    5
   c - Ozocubu's Refrigeration        Ice                          6
   d - Bolt of Cold                   Conjuration/Ice              6
   e - Freezing Cloud                 Conjuration/Ice/Air          6
   f - Simulacrum                     Ice/Necromancy               6
 L - a book of Maledictions

   Spells                             Type                      Level
   a - Corona                         Hexes                        1
   b - Ensorcelled Hibernation        Hexes/Ice                    2
   c - Confuse                        Hexes                        3
   d - Tukima's Dance                 Hexes                        3
   e - Dazzling Spray                 Conjuration/Hexes            3
 M - a book of Clouds

   Spells                             Type                      Level
   a - Mephitic Cloud                 Conjuration/Poison/Air       3
   b - Conjure Flame                  Conjuration/Fire             3
   c - Poisonous Cloud                Conjuration/Poison/Air       6
   d - Freezing Cloud                 Conjuration/Ice/Air          6
   e - Ring of Flames                 Charms/Fire                  7
 W - a book of Frost

   Spells                             Type                      Level
   a - Freeze                         Ice                          1
   b - Throw Frost                    Conjuration/Ice              2
   c - Ozocubu's Armour               Charms/Ice                   3
   d - Throw Icicle                   Conjuration/Ice              4
   e - Summon Ice Beast               Ice/Summoning                4
 X - a book of Frost

   Spells                             Type                      Level
   a - Freeze                         Ice                          1
   b - Throw Frost                    Conjuration/Ice              2
   c - Ozocubu's Armour               Charms/Ice                   3
   d - Throw Icicle                   Conjuration/Ice              4
   e - Summon Ice Beast               Ice/Summoning                4
Miscellaneous
 u - a plain deck of escape {drawn: 7}
 J - a sack of spiders {used: 8}
 P - a stone of tremors
Comestibles
 d - 5 bread rations
 k - 5 fruits
 K - 11 meat rations


   Skills:
 - Level 7.2 Armour
 - Level 1.7 Dodging
 - Level 1.7 Stealth
 - Level 4.3 Shields
 - Level 16.5 Spellcasting
 + Level 10.6 Conjurations
   Level 1.0 Summonings
 - Level 0.8 Translocations
 - Level 10.0 Ice Magic


You had 13 spell levels left.
You knew the following spells:

 Your Spells              Type           Power        Failure   Level  Hunger
a - Magic Dart            Conj           ####         1%          1    None
b - Dazzling Spray        Conj/Hex       #####...     1%          3    None
c - Iskenderun's Mystic   Conj           ######..     1%          4    None
d - Mephitic Cloud        Conj/Pois/Air  #####...     1%          3    None
e - Bolt of Cold          Conj/Ice       ######....   1%          6    ####...
f - Freezing Cloud        Conj/Ice/Air   ######....   4%          6    ####...
g - Blink                 Tloc           N/A          1%          2    None
h - Repel Missiles        Chrm/Air       ###...       2%          2    None
i - Conjure Flame         Conj/Fire      #####...     1%          3    None
j - Ozocubu's Armour      Chrm/Ice       #####...     1%          3    None


Dungeon Overview and Level Annotations

Branches:
Dungeon (14/15)            Temple (0/1) D:7            Lair (0/8) D:11
    Orc (2/2) D:10            Elf (0/3) Orc:2        Vaults (0/5) D:14

Altars:
Ashenzari
Dithmenos
Elyvilon
Gozag
Kikubaaqudgha
Pakellas
Qazlal
Ru
Vehumet
Xom
Yredelemnul
Zin
Beogh

Shops:
D:5 }   D:8 (   D:10 %*!*[   Orc:2 *=([

Annotations:
D:5 Rationalist's ghost, amateur DsBe
D:6 anything's ghost, novice DsGl
D:7 rezek's ghost, novice DDFi
D:10 exclusions: 4 doors, obsidian statue and orange crystal statue
D:14 MagicLamp's ghost, journeyman DDFi
Orc:2 exclusion: upstairs


Innate Abilities, Weirdness & Mutations

You have claws for hands.
Your flesh is heat resistant.
Your magical and physical power is slightly enhanced at high health.
When hurt, damage is shared between your health and your magic reserves.
You regenerate magic rapidly.


Message History

MagicLamp's ghost is engulfed in freezing vapours.
You block MagicLamp's ghost's attack.
Drink which item? (? for menu, Esc to quit)
You feel very mighty all of a sudden. MagicLamp's ghost hits you!!
MagicLamp's ghost burns you! The heat melts your icy armour.
MagicLamp's ghost is engulfed in freezing vapours.
MagicLamp's ghost hits you!
* * * LOW HITPOINT WARNING * * *
MagicLamp's ghost burns you.
* * * LOW HITPOINT WARNING * * *
The heat melts your icy armour.
Read which item? (? for menu, Esc to quit)
Okay, then.
Casting: Bolt of Cold
Confirm with . or Enter, or press ? or * to list all spells.
You don't have enough magic to cast that spell.
Drink which item? (? for menu, Esc to quit)
You feel yourself speed up. MagicLamp's ghost hits you!!
You die...

#######.### #.#...# #.#
####.## #.# #.# #.# ##^#
#.# #..# #.# #.## ##.#
#.# #..#
#####§#######... #.##
##..@W§§§§§§§Y...
#.######..###§#######...
######..÷.)...## #.#
.......######## #.#
#####..# #.# #..## #.#
#.## #.# ##'####### #.#
###..).....# #.#


You could see MagicLamp's ghost.

Vanquished Creatures
  A fire giant (D:13)
  An orc warlord (Orc:2)
  8 vault guards (D:14)
  Harold (D:11)
  A hydra (D:13)
  Erolcha (D:13)
  3 tengu warriors
  A deep troll earth mage (D:13)
  An orc high priest (Orc:2)
  Urug (D:13)
  Nergalle (Orc:2)
  4 skeletal warriors (D:11)
  3 unseen horrors
  A necromancer (IceCv)
  5 orc knights
  9 hill giants
  2 manticores
  An ugly thing (D:12)
  6 orc sorcerers
  A cyclops (Orc:2)
  A griffon (D:13)
  3 slime creatures (D:13)
  An ice statue (IceCv)
  Maurice (D:7)
  A gargoyle (D:12)
  A komodo dragon (D:12)
  2 kobold demonologists
  10 freezing wraiths (IceCv)
  6 trolls
  A wolf spider simulacrum (IceCv)
  A two-headed ogre (D:12)
  A harpy skeleton (D:14)
  6 wraiths
  8 yaks
  A steam dragon (D:10)
  4 hippogriffs
  5 hungry ghosts
  A mottled dragon (D:11)
  4 wargs
  3 water moccasins
  Duvessa (D:7)
  32 orc warriors
  18 ice beasts
  3 sky beasts
  2 wasps
  2 black bears
  2 eyes of draining
  8 ogres
  20 centaurs
  3 phantoms
  A necrophage (D:10)
  2 big kobolds
  10 giant frogs
  Dowan (D:7)
  A troll zombie (D:14)
  A wyvern skeleton (D:11)
  7 scorpions
  10 wights
  2 elephant simulacra (IceCv)
  A water moccasin skeleton (D:9)
  9 killer bees
  A howler monkey (D:9)
  2 jellies
  4 crimson imps
  A quasit (D:10)
  7 centaur skeletons
  6 draconian simulacra (IceCv)
  2 human zombies (D:14)
  37 orc priests
  8 hounds
  Crazy Yiuf (D:7)
  A giant frog skeleton (D:13)
  32 orc wizards
  5 iguanas
  A human skeleton (D:14)
  2 spriggan simulacra (IceCv)
  8 worker ants
  3 troll simulacra (IceCv)
  A wolf simulacrum (IceCv)
  A killer bee zombie (D:7)
  A centaur simulacrum (IceCv)
  A hound skeleton (D:5)
  A hound zombie (D:7)
  2 mummies (D:14)
  A howler monkey zombie (D:7)
  18 adders
  6 naga simulacra (IceCv)
  2 ogre simulacra (IceCv)
  3 shadow imps
  12 white imps (IceCv)
  An ooze (D:4)
  2 adder skeletons
  3 worms (D:3)
  3 dart slugs
  A giant gecko (D:4)
  95 orcs
  6 bats (D:1)
  7 giant cockroaches
  5 hobgoblins
  14 jackals
  14 kobolds
  5 quokkas
  A ball python (D:2)
  A giant gecko zombie (D:7)
  3 giant newts
  11 goblins
  An orc zombie (D:14)
  A quokka skeleton (D:4)
  7 rats
600 creatures vanquished.

Vanquished Creatures (collateral kills)
  A hill giant (D:9)
1 creature vanquished.

Vanquished Creatures (others)
  2 centaur warriors
  5 centaurs
  An orc priest (D:11)
  An iguana (D:5)
  2 orc wizards (D:11)
  A worker ant (D:5)
  A giant cockroach (D:5)
  A giant newt (D:5)
  A kobold (D:11)
15 creatures vanquished.

Grand Total: 616 creatures vanquished

Notes
Turn   | Place    | Note
--------------------------------------------------------------
     0 | D:1      | Chiseanne the Demonspawn Wizard began the quest for the Orb.
     0 | D:1      | Reached XP level 1. HP: 13/13 MP: 4/4
   280 | D:1      | Gained mutation: When hurt, damage is shared between your health and your magic reserves. [demonic ancestry]
   280 | D:1      | Reached XP level 2. HP: 6/19 MP: 0/6
   900 | D:1      | Learned a level 2 spell: Blink
   903 | D:1      | Learned a level 2 spell: Repel Missiles
  1148 | D:2      | Found a radiant altar of Vehumet.
  1158 | D:2      | Became a worshipper of Vehumet
  1189 | D:2      | Reached XP level 3. HP: 24/24 MP: 6/8
  2187 | D:3      | Learned a level 3 spell: Mephitic Cloud
  2191 | D:3      | Found a sacrificial altar of Ru.
  2200 | D:3      | Reached skill level 4 in Spellcasting
  2200 | D:3      | Reached XP level 4. HP: 26/30 MP: 2/10
  2230 | D:3      | Reached XP level 5. HP: 21/35 MP: 1/11
  2405 | D:3      | Reached * piety under Vehumet
  2405 | D:3      | Offered knowledge of Sandblast by Vehumet.
  2866 | D:3      | Found an oddly glowing altar of Pakellas.
  2868 | D:3      | Found an ancient bone altar of Kikubaaqudgha.
  3005 | D:4      | Found a shattered altar of Ashenzari.
  3287 | D:4      | Reached skill level 5 in Spellcasting
  3287 | D:4      | Gained mutation: You regenerate magic rapidly. [demonic ancestry]
  3287 | D:4      | Reached XP level 6. HP: 38/41 MP: 5/13
  3626 | D:4      | Learned a level 3 spell: Conjure Flame
  4224 | D:5      | Entered Level 5 of the Dungeon
  4231 | D:5      | Found a shadowy altar of Dithmenos.
  4239 | D:5      | Found a shimmering altar of Xom.
  4242 | D:5      | Noticed Rationalist's ghost (amateur DsBe)
  4385 | D:5      | Found Xuupol's Gadget Boutique.
  4525 | D:5      | Reached skill level 5 in Conjurations
  4546 | D:5      | Identified a scroll of acquirement
  4585 | D:5      | Noticed an ice beast
  4620 | D:5      | Killed an ice beast
  4620 | D:5      | Gained mutation: Your flesh is heat resistant. [demonic ancestry]
  4620 | D:5      | Reached XP level 7. HP: 46/46 MP: 1/15
  4824 | D:5      | Bought a sack of spiders for 220 gold pieces
  4895 | D:5      | Reached skill level 6 in Spellcasting
  5221 | D:6      | Found an ancient bone altar of Kikubaaqudgha.
  5225 | D:6      | Noticed anything's ghost (novice DsGl)
  5787 | D:6      | Found an opulent altar of Gozag.
  6067 | D:6      | Learned a level 3 spell: Dazzling Spray
  6678 | D:6      | Reached XP level 8. HP: 49/52 MP: 18/18
  6869 | D:7      | Noticed rezek's ghost (novice DDFi)
  6928 | D:6      | Reached skill level 7 in Spellcasting
  7220 | D:7      | Got a garnet-encrusted chain mail
  7221 | D:7      | Identified the +1 chain mail of the Will of the Gods {Int+3} (You found it on level 7 of the Dungeon)
  7232 | D:7      | Found a staircase to the Ecumenical Temple.
  7494 | D:7      | You fall through a shaft!
  7535 | D:7      | Noticed Dowan
  7536 | D:7      | Noticed Duvessa
  7553 | D:7      | Killed Dowan
  7558 | D:7      | Killed Duvessa
  7560 | D:7      | Noticed Crazy Yiuf
  7566 | D:7      | Killed Crazy Yiuf
  7709 | D:7      | Noticed Maurice
  7764 | D:7      | Killed Maurice
  7764 | D:7      | Reached skill level 8 in Spellcasting
  7817 | D:7      | Reached ** piety under Vehumet
  7817 | D:7      | Offered knowledge of Sting by Vehumet.
  7817 | D:7      | Reached XP level 9. HP: 52/57 MP: 6/21
  8678 | D:8      | Found a stormy altar of Qazlal.
  8886 | D:8      | Reached skill level 9 in Spellcasting
  9391 | D:8      | Offered knowledge of Throw Frost by Vehumet.
  9418 | D:8      | Found Zemeopou's Weapon Shoppe.
  9499 | D:8      | Found a glowing silver altar of Zin.
 10385 | D:9      | Reached *** piety under Vehumet
 10459 | D:9      | Learned a level 6 spell: Freezing Cloud
 10543 | D:9      | Reached skill level 1 in Ice Magic
 10808 | D:9      | Offered knowledge of Iskenderun's Mystic Blast by Vehumet.
 10926 | D:9      | Gained mutation: You have sharp fingernails. [demonic ancestry]
 10926 | D:9      | Reached XP level 10. HP: 63/63 MP: 10/23
 11050 | D:9      | Noticed a hill giant
 11077 | D:9      | Killed a hill giant
 11243 | D:9      | Reached **** piety under Vehumet
 11252 | D:9      | Learned a level 4 spell: Iskenderun's Mystic Blast
 11306 | D:10     | Entered Level 10 of the Dungeon
 11307 | D:10     | Found a roughly hewn altar of Beogh.
 11310 | D:10     | Found a staircase to the Orcish Mines.
 11317 | D:10     | Offered knowledge of Bolt of Magma by Vehumet.
 11321 | D:10     | Reached skill level 5 in Ice Magic
 11515 | D:10     | Noticed a hill giant
 11877 | D:10     | Found Faepleeh's Antique Armour Boutique.
 11884 | D:10     | Bought a shiny buckler for 130 gold pieces
 11900 | D:10     | Found Tenekhaj's Assorted Antiques.
 11916 | D:10     | Bought a scroll labeled GOOMEGY KAID for 26 gold pieces
 11916 | D:10     | Bought a scroll labeled PAMEOCEERR for 26 gold pieces
 11916 | D:10     | Bought a scroll labeled SOKLU MIQU for 26 gold pieces
 12084 | D:10     | Killed a hill giant
 12100 | D:10     | Bought a scroll of teleportation for 78 gold pieces
 12163 | D:10     | Found Tegi's Distillery.
 12261 | D:10     | Noticed a hill giant
 12278 | D:10     | Killed a hill giant
 12778 | D:10     | Got a distressingly furry chain mail
 12781 | D:10     | Found Bioqul's Food Boutique.
 12983 | D:10     | Reached ***** piety under Vehumet
 12983 | D:10     | Offered knowledge of Bolt of Cold by Vehumet.
 12983 | D:10     | Reached XP level 11. HP: 68/68 MP: 15/24
 13073 | D:10     | Found Elun's Assorted Antiques.
 13076 | D:10     | Bought a scroll labeled SEUTUO APRA for 32 gold pieces
 13139 | D:10     | Noticed an obsidian statue
 13247 | D:11     | Noticed a skeletal warrior
 13247 | D:11     | Noticed a skeletal warrior
 13247 | D:11     | Noticed a skeletal warrior
 13369 | D:10     | Noticed an orange crystal statue
 13865 | D:10     | Reached skill level 10 in Spellcasting
 13883 | D:10     | Learned a level 6 spell: Bolt of Cold
 14053 | Orc:1    | Entered Level 1 of the Orcish Mines
 14078 | Orc:1    | Noticed an orc knight
 14082 | Orc:1    | Noticed an orc sorcerer
 14086 | Orc:1    | Killed an orc sorcerer
 14158 | D:10     | Killed an orc knight
 14364 | Orc:2    | Entered Level 2 of the Orcish Mines
 14651 | Orc:2    | Reached skill level 11 in Spellcasting
 14732 | Orc:2    | Noticed an orc sorcerer
 14944 | Orc:1    | Noticed an orc sorcerer
 14949 | Orc:1    | Killed an orc sorcerer
 15214 | Orc:2    | Noticed an orc knight
 15230 | Orc:2    | Killed an orc knight
 15383 | Orc:1    | Noticed an orc sorcerer
 15388 | Orc:1    | Killed an orc sorcerer
 15388 | Orc:1    | Reached skill level 12 in Spellcasting
 15891 | Orc:2    | Noticed an orc high priest
 15899 | Orc:2    | Noticed a sun demon
 16037 | Orc:2    | Killed an orc high priest
 16144 | Orc:2    | Noticed an orc warlord
 16192 | Orc:2    | Killed an orc warlord
 16192 | Orc:2    | Gained mutation: You have very sharp fingernails. [demonic ancestry]
 16192 | Orc:2    | Reached XP level 12. HP: 65/74 MP: 8/28
 16363 | Orc:2    | Reached skill level 13 in Spellcasting
 16505 | Orc:2    | Noticed Nergalle
 16511 | Orc:2    | Killed Nergalle
 16634 | Orc:2    | Found a roughly hewn altar of Beogh.
 16843 | Orc:2    | Found Civennops's Jewellery Shop.
 16850 | Orc:2    | Bought a cursed -5 ring of strength for 26 gold pieces
 16866 | Orc:2    | Found Funyfera's General Store.
 16873 | Orc:2    | Bought a scroll of teleportation for 33 gold pieces
 16888 | Orc:2    | Found Zeiplukao's Antique Weapon Shop.
 16906 | Orc:2    | Found Dieczeun's Antique Armour Shop.
 16913 | Orc:2    | Bought a heavily jewelled robe for 136 gold pieces
 16913 | Orc:2    | Bought a pair of glowing boots for 108 gold pieces
 16936 | Orc:2    | Identified the +2 chain mail "Ejid" {Regen+ Dex+3} (You found it on level 10 of the Dungeon)
 16948 | Orc:2    | Identified the cursed +1 robe of Cheibriados's Reproof {rC+ Str+5} (You bought it in a shop on level 2 of the Orcish Mines)
 17022 | Orc:2    | Bought an uncursed ring of protection from cold for 275 gold pieces
 17082 | Orc:2    | Found a staircase to the Elven Halls.
 17122 | Orc:2    | Reached skill level 1 in Shields
 17435 | Orc:2    | Bought a +3 amulet of reflection for 325 gold pieces
 17517 | D:10     | Bought a potion of magic for 120 gold pieces
 18161 | D:11     | Noticed Harold
 18459 | D:11     | Offered knowledge of Bolt of Draining by Vehumet.
 18461 | D:11     | Killed Harold
 18536 | D:11     | Got a shimmering trident {pierce}
 18552 | D:11     | Reached skill level 14 in Spellcasting
 19217 | D:11     | Found a staircase to the Lair.
 19890 | D:12     | Gained mutation: You have claws for hands. [demonic ancestry]
 19890 | D:12     | Reached XP level 13. HP: 76/79 MP: 19/31
 19920 | D:12     | Reached skill level 15 in Spellcasting
 20136 | D:12     | Found a frozen archway.
 20185 | IceCv    | Entered an ice cave
 20452 | IceCv    | Identified the +7 trident "Ratzo" {pierce, rElec} (You took it off Harold on level 11 of the Dungeon)
 21620 | IceCv    | Reached ****** piety under Vehumet
 22044 | IceCv    | Found an ancient bone altar of Kikubaaqudgha.
 22093 | IceCv    | Identified Siacku's Disquisition on Cold
 22104 | IceCv    | Learned a level 3 spell: Ozocubu's Armour
 22311 | D:12     | Reached skill level 16 in Spellcasting
 22950 | D:13     | Offered knowledge of Lightning Bolt by Vehumet.
 23020 | D:13     | Noticed Erolcha
 23029 | D:13     | Killed Erolcha
 23281 | D:13     | Noticed Urug
 23287 | D:13     | Killed Urug
 23401 | D:13     | Reached skill level 1 in Armour
 23521 | D:13     | Found a shimmering altar of Xom.
 23521 | D:13     | Found a white marble altar of Elyvilon.
 23522 | D:13     | Noticed a fire giant
 24579 | D:13     | Reached skill level 5 in Armour
 24984 | D:13     | Killed a fire giant
 24984 | D:13     | Gained mutation: Your magical and physical power is slightly enhanced at high health. [demonic ancestry]
 24984 | D:13     | Reached XP level 14. HP: 85/85 MP: 13/34
 25427 | D:14     | Found a gate to the Vaults.
 25560 | D:14     | Reached skill level 10 in Ice Magic
 25576 | D:14     | Reached skill level 10 in Conjurations
 26336 | D:14     | Found a basalt altar of Yredelemnul.
 26506 | D:14     | Offered knowledge of Delayed Fireball by Vehumet.
 26718 | D:14     | Noticed MagicLamp's ghost (journeyman DDFi)
 26736 | D:14     | Mangled by MagicLamp's ghost

Skill      XL: |  1  2  3  4  5  6  7  8  9 10 11 12 13 14 |
---------------+-------------------------------------------+-----
Conjurations   | 2 3 4 5 6 8 9 10 | 10.6
Spellcasting   | 4 5 6 8 9 12 14 16 | 16.5
Ice Magic      | 3 9 10 | 10.0
Shields        | 4 |  4.3
Armour         | 6 7 |  7.2
Dodging        | |  1.7
Stealth        | |  1.7
Summonings     | |  1.0
Translocations | |  0.8

Action                   |  1- 3 |  4- 6 |  7- 9 | 10-12 | 13-15 || total
-------------------------+-------+-------+-------+-------+-------++-------
Melee: Unarmed           |     8 |       |       |       |       ||     8
       Dagger            |    13 |    37 |   164 |    74 |     7 ||   295
       Great mace        |       |       |     5 |    10 |       ||    15
       Trident           |       |       |       |       |    27 ||    27
 Fire: Hunting sling     |    57 |       |       |       |       ||    57
 Cast: Magic Dart        |    70 |    96 |   274 |   146 |     9 ||   595
       Repel Missiles    |     1 |       |     1 |     4 |     2 ||     8
       Mephitic Cloud    |     2 |     4 |    29 |    71 |     7 ||   113
       Blink             |       |     3 |       |    18 |    11 ||    32
       Conjure Flame     |       |     1 |    25 |    28 |    20 ||    74
       Dazzling Spray    |       |       |    15 |    76 |     7 ||    98
       Iskenderun's Myst |       |       |       |   248 |   323 ||   571
       Bolt of Cold      |       |       |       |    13 |    37 ||    50
       Freezing Cloud    |       |       |       |     4 |    24 ||    28
       Ozocubu's Armour  |       |       |       |       |    11 ||    11
Evoke: Wand              |       |       |    14 |     7 |       ||    21
       Deck              |       |       |     3 |     1 |     3 ||     7
       Sack of spiders   |       |       |       |     3 |     7 ||    10
       Stone of tremors  |       |       |       |     1 |     1 ||     2
  Use: Scroll            |    10 |     8 |     7 |     7 |     5 ||    37
       Potion            |       |       |       |     3 |     7 ||    10
 Stab: Confused          |       |     2 |     2 |     4 |       ||     8
       Sleeping          |       |     1 |     1 |       |     1 ||     3
       Distracted        |       |       |       |     1 |       ||     1
       Invisible         |       |       |       |       |     1 ||     1
  Eat: Chunk             |     4 |     4 |    19 |    25 |    12 ||    64
       Fruit             |       |     2 |     3 |    10 |    19 ||    34
       Beef jerky        |       |       |       |       |     2 ||     2
Armor: Robe              |     5 |     9 |    49 |    66 |    14 ||   143
       Leather armour    |       |       |       |       |    24 ||    24
Dodge: Dodged            |    20 |    24 |   110 |    86 |    87 ||   327
       Deflected         |       |     1 |     3 |     7 |    13 ||    24
Block: Buckler           |       |       |       |    21 |    91 ||   112
       Reflection        |       |       |       |     6 |    22 ||    28
